 Dungeon Crawl Stone Soup version 0.31-a0-521-gc7390f8997 (console) character file.

Game seed: 4777862659640358831

2122 jejorda2 the Chopper (level 9, -7/62 (74) HPs)
             Began as a Gnoll Berserker on Aug 11, 2023.
             Was a Priest of Trog.
             Killed by divine providence
             ... invoked by Jeremiah
              (14 damage)
             ... on level 7 of the Dungeon.
             The game lasted 00:14:33 (5606 turns).

jejorda2 the Chopper (Gnoll Berserker)              Turns: 5606, Time: 00:14:33

HP:   -7/62 (74)    AC: 12    Str: 26    XL:     9   Next: 29%
MP:   15/15         EV:  9    Int:  6    God:    Trog [***...]
Gold: 145           SH:  0    Dex: 13    Spells: 16/16 levels left

rFire   . . .        a - +8 war axe {venom, Str+4 Dex+2 Stlth+}
rCold   . . .        (no shield)
rNeg    . . .        j - +0 plate armour
rPois   .            (helmet currently unavailable)
rElec   .            (cloak currently unavailable)
rCorr   .            (gloves currently unavailable)
SInv    .            y - melded +0 pair of boots
Will    .....        (no amulet) Stlth
                     q - ring of flight
HPRegen 0.30/turn    (no ring)
MPRegen 0.14/turn

%: no passive effects
@: beast-form, on berserk cooldown, flying, slowed, heavily drained, very slow
A: beast (slay +2), fangs 1, strong nose, distributed training
a: Begin Untransformation, Renounce Religion, Berserk, Trog's Hand


You were on level 7 of the Dungeon.
You worshipped Trog.
Trog was most pleased with you.
You were a hulking beast.
You visited 1 branch of the dungeon, and saw 7 of its levels.
You also visited: Sewer.

You collected 264 gold pieces.
You spent 119 gold pieces at shops.

Inventory:

Hand Weapons
 a - the +8 war axe of Sidaoshro (weapon) {venom, Str+4 Dex+2 Stlth+}
   (You found it on level 5 of the Dungeon)

   Str+4:     It affects your strength (+4).
   Dex+2:     It affects your dexterity (+2).
   Stlth+:    It makes you more stealthy.
 b - a +0 broad axe of flaming
 k - a +0 morningstar
Missiles
 s - 7 poisoned darts
 u - 4 javelins
Armour
 j - a +0 plate armour (worn)
 t - a +0 kite shield
 y - a +0 pair of boots (melded)
Jewellery
 q - a ring of flight (left hand)
Wands
 h - a wand of digging (8)
 v - a wand of polymorph (5)
 x - a wand of flame (21)
Scrolls
 e - 2 scrolls of teleportation
 o - 4 scrolls of fog
 r - 2 scrolls of fear
Potions
 c - 3 potions of mutation
 d - a potion of haste
 g - 2 potions of curing
 l - a potion of invisibility {unknown}
 m - 2 potions of attraction
 n - 3 potions of cancellation


   Skills:
 + Level 7.8 Fighting
 + Level 4.1 Short Blades
 + Level 4.1 Long Blades
 + Level 7.8 Axes
 + Level 4.1 Maces & Flails
 + Level 4.1 Polearms
 + Level 4.1 Staves
 + Level 4.1 Ranged Weapons
 + Level 4.1 Throwing
 + Level 6.2 Armour
 + Level 6.2 Dodging
 + Level 4.1 Stealth
 + Level 4.1 Shields
 + Level 4.1 Unarmed Combat
 + Level 4.1 Spellcasting
 + Level 3.4 Conjurations
 + Level 3.4 Hexes
 + Level 3.4 Summonings
 + Level 3.4 Necromancy
 + Level 3.4 Translocations
 + Level 3.4 Transmutations
 + Level 3.4 Fire Magic
 + Level 3.4 Ice Magic
 + Level 3.4 Air Magic
 + Level 3.4 Earth Magic
 + Level 3.4 Poison Magic
 + Level 4.6 Invocations
 + Level 4.1 Evocations
 + Level 3.4 Shapeshifting


You had 16 spell levels left.
You didn't know any spells.
Your spell library was empty.

Dungeon Overview and Level Annotations

Branches:
Dungeon (7/15)             Temple (0/1) D:6           Sewer (visited)

Altars:
Gozag
Sif Muna
The Shining One

Shops:
D:5 :   D:6 (

Annotations:
D:4 exclusion: door
D:7 Jeremiah


Innate Abilities, Weirdness & Mutations

You are a hulking beast.
Your limbs bulge with bestial killing power. (Slay +2)
You have very sharp teeth.
Your uncanny sense of smell can sniff out nearby items.
Your experience applies equally to all skills.


Message History

* * * LOW HITPOINT WARNING * * *
You feel drained.
* * * LOW HITPOINT WARNING * * *
Unknown command.
You feel much better.
Your skin stops crawling.
You feel less strong-willed.
The butterfly disappears in a burst of colours!
Jeremiah barely misses you.
Jeremiah hits you with a +2 glaive of draining!
You feel drained.
Aiming: Polymorph
Press: ? - help, Shift-Dir - straight line, f - Jeremiah
Aim: Jeremiah, wielding a +2 glaive of draining and wearing a +0 robe (heavily wounded, very poisoned, will become a meliai, a polar bear, or a komodo dragon, chance to affect: 41%)
Okay, then.
Unknown command.
Unknown command.
Unknown command.
Unknown command.
Unknown command.
You slash Jeremiah!
Jeremiah looks as sick as possible!
Jeremiah is severely wounded.
You hit the butterfly.
You kill the butterfly!
The butterfly disappears in a burst of colours!
You slash the butterfly!
You kill the butterfly!
The butterfly disappears in a burst of colours!
You slash the butterfly!
You kill the butterfly!
The butterfly disappears in a burst of colours!
You slash the butterfly!
You kill the butterfly!
The butterfly disappears in a burst of colours!
You closely miss the butterfly. You miss the butterfly.
Jeremiah lets out a twisted cry.
Something smites you!
* * * LOW HITPOINT WARNING * * *
Jeremiah mumbles a slurred invocation.
Something smites you!
You die...

........#.# ..#..
#.........#.#.###...#
#.........#.#.#.....#
#......b....#......##
#...b.b.....# #.....#
#...........###.....#
#.....b.....+.......#
#.bbb...b....#.#....#
#..Fh....#.....####.#
#..bb.b..#.....# #.#
#.)......#.#.#.# #.#
#.......<#.....# #.#
#........#.....# #.#
#........#.#.#.# #.#
##########.....# #.#
#.....# #.# ####..


You could see Jeremiah (extremely poisoned).

Vanquished Creatures
  Grinder (D:6)
  Menkaure (D:5)
  2 water moccasins
  A black bear (D:5)
  An ice beast (D:6)
  2 ogres (D:4)
  A centaur (D:4)
  2 phantoms
  Blork the orc (D:4)
  A gnoll sergeant (D:6)
  3 scorpions
  3 jellies
  3 hounds
  4 iguanas
  4 orc wizards
  12 adders
  4 gnolls (D:6)
  A river rat (D:6)
  2 white imps (D:6)
  An ufetubus (D:5)
  4 worms
  A dart slug (D:3)
  14 orcs
  7 endoplasms
  2 giant cockroaches
  8 goblins
  10 hobgoblins
  5 jackals
  5 kobolds
  4 quokkas
  8 ball pythons
  4 bats
  3 frilled lizards
  22 rats
147 creatures vanquished.

Notes
Turn   | Place    | Note
-------+----------+-------------------------------------------
     0 | D:1      | jejorda2 the Gnoll Berserker began the quest for the Orb.
     0 | D:1      | Reached XP level 1. HP: 23/23 MP: 1/1
   100 | D:1      | Reached XP level 2. HP: 27/29 MP: 2/2
   415 | D:1      | Reached XP level 3. HP: 35/35 MP: 3/3
   740 | D:2      | Reached ** piety under Trog
   981 | D:2      | Reached skill level 1 in Invocations
  1140 | D:2      | Reached skill level 1 in Short Blades
  1140 | D:2      | Reached skill level 1 in Long Blades
  1140 | D:2      | Reached skill level 1 in Maces & Flails
  1140 | D:2      | Reached skill level 1 in Polearms
  1140 | D:2      | Reached skill level 1 in Staves
  1140 | D:2      | Reached skill level 1 in Ranged Weapons
  1140 | D:2      | Reached skill level 1 in Throwing
  1140 | D:2      | Reached skill level 1 in Stealth
  1140 | D:2      | Reached skill level 1 in Shields
  1140 | D:2      | Reached skill level 1 in Unarmed Combat
  1140 | D:2      | Reached skill level 1 in Spellcasting
  1140 | D:2      | Reached skill level 1 in Evocations
  1246 | D:2      | Reached XP level 4. HP: 37/41 MP: 5/5
  1587 | D:2      | Reached skill level 1 in Conjurations
  1587 | D:2      | Reached skill level 1 in Hexes
  1587 | D:2      | Reached skill level 1 in Summonings
  1587 | D:2      | Reached skill level 1 in Necromancy
  1587 | D:2      | Reached skill level 1 in Translocations
  1587 | D:2      | Reached skill level 1 in Transmutations
  1587 | D:2      | Reached skill level 1 in Fire Magic
  1587 | D:2      | Reached skill level 1 in Ice Magic
  1587 | D:2      | Reached skill level 1 in Air Magic
  1587 | D:2      | Reached skill level 1 in Earth Magic
  1587 | D:2      | Reached skill level 1 in Poison Magic
  1587 | D:2      | Reached skill level 1 in Shapeshifting
  2276 | D:3      | Reached XP level 5. HP: 42/47 MP: 5/7
  2479 | D:4      | Noticed a centaur
  2488 | D:4      | Killed a centaur
  2563 | D:4      | Reached skill level 5 in Armour
  2563 | D:4      | Reached skill level 5 in Dodging
  2563 | D:4      | Reached XP level 6. HP: 53/53 MP: 8/8
  2701 | D:4      | Noticed Blork the orc
  2714 | D:4      | Killed Blork the orc
  2823 | D:4      | Identified the +1 mace "Wainemn" {freeze, *Slow rCorr
                  | Str+7}
  2836 | D:4      | Reached *** piety under Trog
  2860 | D:4      | Found a shimmering blue altar of Sif Muna.
  2871 | D:4      | Reached XP level 7. HP: 60/60 MP: 10/10
  3119 | D:4      | Found an opulent altar of Gozag.
  3471 | D:5      | Entered Level 5 of the Dungeon
  3477 | D:5      | Identified the +8 war axe of Sidaoshro {venom, Str+4 Dex+2
                  | Stlth+}
  3675 | D:5      | Found Poash's Book Emporium.
  3693 | D:5      | Reached XP level 8. HP: 65/67 MP: 12/12
  3803 | D:5      | Noticed Menkaure
  3812 | D:5      | Killed Menkaure
  4098 | D:5      | Found a glowing golden altar of the Shining One.
  4348 | D:6      | Found Winex's Hydra Hut.
  4350 | D:6      | Noticed an eight-headed hydra
  4356 | D:6      | Bought a +0 broad axe of flaming for 119 gold pieces
  4512 | D:6      | Noticed Grinder
  4519 | D:6      | Killed Grinder
  4520 | D:6      | Reached XP level 9. HP: 73/73 MP: 14/14
  4539 | D:6      | Found a staircase to the Ecumenical Temple.
  4605 | D:6      | Found a glowing drain.
  4609 | Sewer    | Entered a sewer
  5429 | D:7      | Reached **** piety under Trog
  5586 | D:7      | Noticed Jeremiah
  5606 | D:7      | Killed from afar by Jeremiah

Illustrated notes

Levels and vault maps discovered:
D:1:      giann_horns, layout_basic, hangedman_decor_opposing
D:2:      layout_loops_corners
D:3:      layout_loops_cross
D:4:      layout_loops_cross, nicolae_gozag_seed_capital, led_sif_book,
          minmay_rat_hole, uniq_blork_the_orc
D:5:      layout_rooms, mainiacjoe_overflow_brackets, serial_shops, shop,
          minmay_misc_feat_enclosed, uniq_menkaure
D:6:      layout_loops_ring, minmay_temple_entry_waves, gup_sewer_entry_spiral,
          doesnt_shop_hydraphobe, uniq_grinder
D:7:      layout_basic, columned_hall_lemuel, kennysheep_generic_room_11,
          uniq_crazy_yiuf_cottage, uniq_jeremiah

Skill      XL: |  1  2  3  4  5  6  7  8  9 |
---------------+----------------------------+-----
Invocations    | 1 2 3 4 |  4.6
Short Blades   | 1 2 3 4 |  4.1
Long Blades    | 1 2 3 4 |  4.1
Maces & Flails | 1 2 3 4 |  4.1
Polearms       | 1 2 3 4 |  4.1
Staves         | 1 2 3 4 |  4.1
Ranged Weapons | 1 2 3 4 |  4.1
Throwing       | 1 2 3 4 |  4.1
Stealth        | 1 2 3 4 |  4.1
Shields        | 1 2 3 4 |  4.1
Unarmed Combat | 1 2 3 4 |  4.1
Spellcasting   | 1 2 3 4 |  4.1
Evocations     | 1 2 3 4 |  4.1
Conjurations   | 1 2 3 |  3.4
Hexes          | 1 2 3 |  3.4
Summonings     | 1 2 3 |  3.4
Necromancy     | 1 2 3 |  3.4
Translocations | 1 2 3 |  3.4
Transmutations | 1 2 3 |  3.4
Fire Magic     | 1 2 3 |  3.4
Ice Magic      | 1 2 3 |  3.4
Air Magic      | 1 2 3 |  3.4
Earth Magic    | 1 2 3 |  3.4
Poison Magic   | 1 2 3 |  3.4
Shapeshifting  | 1 2 3 |  3.4
Armour         | 5 6 |  6.2
Dodging        | 5 6 |  6.2
Fighting       | 7 |  7.8
Axes           | 7 |  7.8

Action                     |  1- 3 |  4- 6 |  7- 9 || total
---------------------------+-------+-------+-------++-------
  Melee: Hand axe          |   103 |    24 |       ||   127
         Bite              |    10 |    20 |    15 ||    45
         Punch             |     1 |     4 |     1 ||     6
         War axe           |       |   112 |   156 ||   268
 Invoke: Berserk           |     1 |     1 |     4 ||     6
         Trog's Hand       |     1 |       |     2 ||     3
    Use: Scroll            |       |       |    16 ||    16
         Potion            |       |       |     1 ||     1
 Armour: Ring mail         |    25 |       |       ||    25
         Plate armour      |     4 |    97 |    74 ||   175
  Dodge: Dodged            |    64 |    51 |    77 ||   192
   Form: Beast             |       |       |     1 ||     1

Table legend: (Time is in decaauts)
 A = Elapsed time spent in this place.
 B = Non-inter-level travel time spent in this place.
 C = Inter-level travel time spent in this place.
 D = Time resting spent in this place.
 E = Time spent auto-exploring this place.
 F = Levels seen in this place.
 G = Mean time per level.
                   A        B        C        D        E       F      G
               +--------+--------+--------+--------+--------+-----+--------+
         Total |   5683 |   5310 |    373 |    365 |   3705 |   8 |  710.4 |
       Dungeon |   5469 |   5096 |    373 |    365 |   3540 |   7 |  781.3 |
         Sewer |    214 |    214 |      0 |      0 |    165 |   1 |  214.0 |
               +--------+--------+--------+--------+--------+-----+--------+

Top non-repeatable levels by time:
     D:4: 1350 daAuts
     D:2: 1097 daAuts
     D:6: 889 daAuts
     D:3: 710 daAuts
     D:1: 672 daAuts
     D:5: 499 daAuts
     D:7: 248 daAuts
   Sewer: 214 daAuts
